[Event "Szansa Chess Open 2022"]
[Site "Warsaw"]
[Date "2022.09.18"]
[Round "8"]
[White "Kulesza, Andrzej"]
[Black "Siekanska, Maria"]
[Result "0-1"]
[ECO "B97"]
[WhiteElo "2014"]
[BlackElo "2029"]
[Annotator "TA"]
[PlyCount "100"]
[EventDate "2022.09.17"]
[EventCountry "POL"]
[SourceTitle "playchess.com"]
[Source "ChessBase"]
[SourceQuality "1"]
[TimeControl "900+10"]

1. e4 c5 2. Nf3 d6 3. d4 cxd4 4. Nxd4 Nf6 5. Nc3 a6 6. Bg5 e6 7. f4 Qb6 8. Qd2 Qxb2 9. Rb1 Qa3 10. e5 h6 11. Bh4 (11. exf6 hxg5 12. fxg7 (12. fxg5 gxf6 13. Nf3 fxg5 $19) 12... Bxg7 13. fxg5 b5 $17) 11... dxe5 {[%emt 0:00:03] B97: Sicilian Najdorf: Poisoned Pawn.} 12. fxe5 Nfd7 (12... g5 $5 13. exf6 gxh4 $11) 13. Ne4 $1 Qxa2 {[%emt 0:00:05] The position is equal.} 14. Rd1 (14. Nc3 $2 Qa5 15. Be2 Nxe5 $19) 14... Qd5 15. Qe3 Qxe5 {[%emt 0:00:08] [#] Threatens to win with ...Bb4+.} (15... Nxe5 $2 16. Nb3 Qxd1+ 17. Kxd1 $18) 16. Be2 Bc5 17. Bg3 Qd5 $1 {[%emt 0:00:03][%mdl 4] [#] ...0-0 is the strong threat. is now more promising than 17...Bxd4.} 18. Nxe6 $146 {[%emt 0:00:44][%mdl 8192] This costs White the game.} ({Predecessor:} 18. c4 Bxd4 19. Rxd4 Qa5+ 20. Rd2 O-O 21. Bd6 f5 22. Bxf8 Nxf8 23. Nd6 Nbd7 24. g4 fxg4 25. Bxg4 {0-1 (46) Radjabov,T (2765)-Ding,L (2791) chess24.com INT 2020}) 18... Qxe6 $19 ({Don't do} 18... Bxe3 19. Nc7+ (19. Rxd5 $2 {too greedy.} fxe6 20. Rd3 Bg5 $19) 19... Kf8 20. Nxd5 $18) ({Weaker is} 18... Qxd1+ 19. Kxd1 Bxe3 20. Nc7+ Kd8 21. Nxa8 $17) 19. Nd6+ Bxd6 20. Qxe6+ fxe6 21. Bh5+ Kf8 22. Bxd6+ Kg8 23. O-O Nc6 24. Bf7+ Kh7 25. Bxe6 Nf6 26. Bc4 Rd8 27. Bd3+ Kh8 28. Bc7 Rd5 29. Rde1 {[%emt 0:00:31][%cal Oe1e8] [#] And now Re8+! would win.} Bd7 {[%emt 0:00:34] Prevents Re8+.} 30. Bf4 Re8 31. Rb1 b5 32. Bxh6 Ne5 33. Bg5 Nxd3 34. Bxf6 gxf6 35. cxd3 Kg7 36. Ra1 Ra8 37. Rf3 a5 38. Re1 Kf7 39. h3 a4 {[%emt 0:00:09] Hoping for ...a3.} 40. g4 a3 41. Ref1 Rd6 {[%emt 0:00:17] White must now prevent ...b4.} 42. g5 a2 43. Ra1 b4 44. d4 Bc6 45. Rf2 b3 46. Kh2 Rxd4 {[%emt 0:00:21] Black mates.} 47. Rxf6+ Kg7 48. Rf2 Be4 49. Rb2 Bc2 50. Kg3 Rd1 {[%emt 0:00:07] Weighted Error Value: White=0.47/Black=0.02 (flawless)} 0-1

[Event "Szansa Chess Open 2022"]
[Site "Warsaw"]
[Date "2022.09.18"]
[Round "8"]
[White "Pires, Emanuel Joao Robarts"]
[Black "Goraj, Barbara"]
[Result "1/2-1/2"]
[ECO "A15"]
[WhiteElo "1999"]
[BlackElo "2121"]
[Annotator "TA"]
[PlyCount "132"]
[EventDate "2022.09.17"]
[EventCountry "POL"]
[SourceTitle "playchess.com"]
[Source "ChessBase"]
[SourceQuality "1"]
[TimeControl "900+10"]

1. c4 Nf6 2. g3 g6 3. b3 Bg7 4. Bb2 O-O 5. Bg2 d6 6. Nf3 Nbd7 7. O-O e5 8. d3 Re8 {[%emt 0:00:44] A15: English Opening: 1...Nf6.} 9. Nbd2 {[%emt 0:00:05] [#]} c5 $146 ({Predecessor:} 9... c6 10. Ne4 Nxe4 11. dxe4 Nc5 12. Qc2 f5 13. Nd2 f4 14. Rad1 Qe7 15. b4 Ne6 16. Nf3 c5 17. bxc5 Nxc5 18. Rd2 Bd7 19. Ba3 Bc6 20. Bxc5 dxc5 {½-½ (37) Caruana,F (2799)-Grischuk,A (2782) Saint Louis 2017}) 10. a3 a5 11. Rb1 (11. Ng5 {is more complex.} Nf8 12. a4 Rb8 13. Nge4) 11... Rb8 12. Ne1 Nf8 13. Nc2 Bg4 (13... Ne6 $11 {should be considered.}) 14. h3 Bd7 15. b4 axb4 16. axb4 b6 17. Ra1 Qc8 18. Kh2 Ne6 (18... b5 $11) 19. Ra7 (19. b5 $1 $16) 19... h5 (19... b5 $1 $11) 20. b5 $14 h4 21. Ne4 {[%emt 0:01:36] White is more active.} (21. Ne3 $16) 21... Nxe4 $11 22. dxe4 Nd4 23. Bxd4 ({White should play} 23. Na3 $14) 23... exd4 24. e3 Be6 25. Qd3 hxg3+ 26. fxg3 Be5 27. Ne1 $2 (27. Rf2 $15) 27... Ra8 $19 28. Rxa8 Qxa8 29. Nf3 Qa2 30. Rc1 Ra8 {[%emt 0:01:46] Hoping for ...Ra3.} 31. exd4 Ra3 32. Qc2 (32. Rc2 $142 Rxd3 33. Rxa2 cxd4 34. Nxe5 dxe5 35. Bf1) 32... Qxc2 ({Don't go for} 32... cxd4 $2 33. Qxa2 Rxa2 34. Nxe5 dxe5 35. Kg1 $19) 33. Rxc2 Bxd4 (33... cxd4 $19 {and Black stays clearly on top. aiming for ...Rc3.} 34. Nxe5 dxe5) 34. Rd2 $17 Bc3 {[%emt 0:02:33] This bishop pair is nice.} ({Much weaker is} 34... Bxc4 $6 35. Nxd4 cxd4 36. Rxd4 Bxb5 37. Rxd6 $11) 35. Rxd6 Ba5 ({Black should try} 35... Bxc4 $17 {...Ba5 is the strong threat.} 36. Rxb6 Rb3) 36. Ne5 $11 Kg7 37. Nc6 $2 (37. Bf1 $1 $11) 37... Bxc4 $2 (37... Be1 $19 {is more deadly.} 38. Rd1 Bxg3+ 39. Kh1 Bxc4) 38. Nxa5 $17 Rxa5 39. Rxb6 Rxb5 $19 {[%emt 0:00:02][%mdl 4096] Endgame KRB-KRB} (39... Bxb5 $17 40. Rb7 Kf6) 40. Rc6 (40. Rxb5 $15 Bxb5 41. Kg1) 40... Be6 (40... Bd3 $1 $17 41. Rc7 Kf6) 41. g4 Kf6 42. Rc7 $2 (42. Bf1 $15 Ra5 43. h4) 42... Ke5 43. h4 Bxg4 44. Rxf7 Rb8 ({Better is} 44... c4 $1 {[%cal Rc4c3] And now ...c3 would win.} 45. Kg3 Be6) 45. Kg3 {[%emt 0:00:06] [#]} Be6 46. Rc7 Rc8 (46... c4 $17) 47. Re7 (47. Rxc8 $1 $11 Bxc8 48. Bf3) 47... Kf6 $2 (47... Rc6 $15 {stays ahead.} 48. Bf3 c4) 48. Rxe6+ $1 $18 Kxe6 {[%emt 0:00:05] KR-KB} (48... Kf7 $18 49. Ra6 c4) 49. Bh3+ {[%emt 0:00:02][%mdl 64] Skewer} Ke5 50. Bxc8 {[%emt 0:00:02] KB-KPP} c4 {[%emt 0:00:16] [#]} 51. Ba6 $2 (51. Bd7 $1 {mates} Kxe4 52. Kg4 Kd5 53. Kg5 Kd6 54. Ba4 Ke7 55. Kxg6 Kf8 56. Kh7) 51... Kxe4 $11 {[%emt 0:00:05] ( -> ...c3). The position is equal.} 52. Bxc4 {[%emt 0:00:41] White wants to mate with Kg4. KB-KP} Kf5 53. Bd3+ Kf6 54. Kf4 Kg7 55. Kg5 Kg8 56. Kf6 Kh8 57. Kf7 g5 58. h5 g4 59. Kg6 g3 60. Be4 g2 61. Bxg2 Kg8 62. Be4 Kh8 63. Bd3 Kg8 64. Kh6 Kh8 65. Bg6 Kg8 66. Bf7+ Kh8 {[%emt 0:00:04] Weighted Error Value: White=0.54/Black=0.44} 1/2-1/2

[Event "Szansa Chess Open 2022"]
[Site "Warsaw"]
[Date "2022.09.18"]
[Round "8"]
[White "Moscicka, Pola"]
[Black "Vasynda, Oleksandr"]
[Result "1/2-1/2"]
[ECO "E06"]
[WhiteElo "1958"]
[BlackElo "1866"]
[Annotator "TA"]
[PlyCount "58"]
[EventDate "2022.09.17"]
[EventCountry "POL"]
[SourceTitle "playchess.com"]
[Source "ChessBase"]
[SourceQuality "1"]
[TimeControl "900+10"]

1. d4 Nf6 2. c4 e6 3. g3 d5 4. Bg2 Be7 5. Nf3 O-O 6. Qc2 c6 7. O-O b6 8. Nbd2 Bb7 9. b3 Nbd7 10. Bb2 c5 11. Rac1 Rc8 12. Qb1 cxd4 {[%emt 0:02:54] E09: Closed Catalan: Main Line: 7 Qc2 c6 8 Nbd2.} 13. Nxd4 Bc5 14. Rfd1 Qe7 {[%emt 0:00:05] [#]} (14... e5 {is interesting.} 15. Nf5 g6 16. Nh4 e4) 15. e4 $146 (15. e3 $142) ({Predecessor:} 15. Nb5 a6 16. Nc3 Bc6 17. cxd5 exd5 18. e3 Qe6 19. Re1 Ne5 20. Nf3 Nxf3+ 21. Bxf3 {0-1 (43) Jung,Y (1923)-Ben Nasser,K (2263) Khanty-Mansiysk 2010}) 15... dxe4 (15... dxc4 {with more complications.} 16. Nxc4 Ng4 17. Rc2 Rfd8) 16. Nxe4 Bxe4 17. Bxe4 Nxe4 18. Qxe4 {[%emt 0:00:02] Hoping for Nc6.} Bxd4 19. Bxd4 Nc5 {[%emt 0:00:56] Against Qb7} 20. Qg4 {[%emt 0:00:21][%csl Gd4][%cal Rg4g7] [#]} e5 21. Bxc5 Qxc5 22. Qg5 f6 23. Qf5 Rfd8 24. Rd7 Rxd7 25. Qxd7 Rc7 $1 26. Qd8+ Kf7 27. Rd1 Qe7 28. Qd5+ Qe6 29. Qd8 Qe7 {[%emt 0:00:01] Weighted Error Value: White=0.14 (very precise) /Black=0.09 (flawless)} 1/2-1/2

[Event "Szansa Chess Open 2022"]
[Site "Warsaw"]
[Date "2022.09.18"]
[Round "8"]
[White "Sidorczuk, Pawel"]
[Black "Jarzebowski, Kacper"]
[Result "0-1"]
[ECO "B11"]
[WhiteElo "1886"]
[BlackElo "2106"]
[Annotator "TA"]
[PlyCount "82"]
[EventDate "2022.09.17"]
[EventCountry "POL"]
[SourceTitle "playchess.com"]
[Source "ChessBase"]
[SourceQuality "1"]
[TimeControl "900+10"]

1. e4 c6 2. Nf3 d5 3. Nc3 Bg4 4. h3 Bxf3 5. Qxf3 e6 6. d4 Nd7 7. Bd3 {[%emt 0:00:13] B11: Caro-Kann: Two Knights Variation.} dxe4 8. Nxe4 Ngf6 9. c3 {[%emt 0:00:11] White is slightly better.} Be7 {[%emt 0:00:06] is the legacy move (9...Nxe4).} 10. O-O Nxe4 11. Qxe4 Nf6 12. Qe2 O-O 13. Bf4 {[%emt 0:00:51] [#]} a5 $146 ({Predecessor:} 13... Qb6 14. Rad1 Rfd8 15. Bb1 c5 16. Be5 Nd7 17. Bg3 Nf6 18. Be5 Nd7 19. Bg3 Nf6 20. Be5 Nd7 {½-½ (21) Paehtz,T (2365)-Sengupta,D (2569) Caleta 2015}) 14. a4 (14. Rad1 {feels hotter.} Nd5 15. Be5 Bd6 16. c4) 14... h6 15. Rad1 Qb6 16. Be5 Rfd8 (16... Nd7 $14) 17. Kh1 Qb3 (17... g6 $16) 18. Bc2 {[%emt 0:00:33] This bishop pair is nice.} (18. f4 $18) 18... Qb6 19. Qd3 (19. f4 $1 $18) 19... c5 (19... Qxb2 $2 20. Bxf6 Bxf6 21. Rb1 Qxb1 22. Rxb1 $18) 20. Bxf6 Bxf6 21. Qh7+ Kf8 22. d5 $1 Ke7 (22... exd5 $14 23. Rd3 Ke7) 23. Rfe1 $16 Rd6 (23... Qxb2 $2 24. Rb1 Qxb1 25. Rxb1 $18) 24. c4 (24. dxe6 $1 $16 fxe6 25. Rxd6 Kxd6 26. Qg6) 24... Rad8 $11 25. b3 Qb4 26. Re2 b5 (26... Qb6 $11) 27. axb5 $18 a4 {[%emt 0:00:00] [#]} 28. Qd3 (28. bxa4 $6 Qxc4 29. Qe4 Qa2 $16) ({Better is} 28. Rd3 $1 $18) 28... a3 $11 {[%emt 0:00:27] Threatens to win with ...a2.} 29. Bb1 Kf8 {[%emt 0:01:22] Active counter play!} 30. Qh7 Qxb3 31. Rde1 Ke7 (31... Qxc4 $2 32. Ba2 Qc3 33. dxe6 fxe6 34. Bxe6 Rxe6 35. Rxe6 $18) 32. Qf5 Qxc4 $2 {[%emt 0:02:11][%mdl 8192] [#]} (32... Kf8 $1 $14 33. dxe6 fxe6 34. Qxc5 (34. Rxe6 Qxc4 35. Rxd6 Rxd6 $11) 34... Be7) 33. Ba2 $1 $18 Qxb5 (33... Kf8 34. dxe6 (34. Bxc4 exf5 35. g3 Ra8 $17) (34. Qxf6 gxf6 35. Bxc4 exd5 $16) 34... fxe6 35. Qxf6+ (35. Bxc4 exf5 36. Re3 Ra8 $19) 35... gxf6 36. Bxc4 e5) 34. Rxe6+ $4 fxe6 $19 35. Rxe6+ Kf8 {[%emt 0:01:15] Strongly threatening ...Qb2.} ({Less strong is} 35... Rxe6 36. Qxe6+ Kf8 37. d6 $14) 36. Qh7 Qf1+ 37. Kh2 Qxf2 38. Bb1 Qf4+ 39. Kh1 Qc1+ 40. Kh2 Qf4+ 41. Kh1 $1 Rxe6 {[%emt 0:00:20] Weighted Error Value: White=0.67/Black=0.57} 0-1

[Event "Szansa Chess Open 2022"]
[Site "Warsaw"]
[Date "2022.09.18"]
[Round "8"]
[White "Rak, Maciej"]
[Black "Jakubowski, Krzysztof"]
[Result "0-1"]
[ECO "B21"]
[WhiteElo "1866"]
[BlackElo "2466"]
[Annotator "ChessBase"]
[PlyCount "98"]
[EventDate "2022.09.17"]
[EventCountry "POL"]
[SourceTitle "playchess.com"]
[Source "ChessBase"]
[SourceQuality "1"]
[TimeControl "900+10"]

1. e4 c5 2. d4 cxd4 3. c3 dxc3 4. Nxc3 Nc6 5. Nf3 e6 6. Bc4 a6 7. Qe2 b5 8. Bb3 Bb7 9. O-O Na5 10. Bc2 Ne7 11. Rd1 Ng6 12. a3 Be7 13. h4 Bxh4 14. Nxh4 Qxh4 15. Be3 Nc4 16. Bc5 Nf4 17. Qf3 Ne5 18. Qe3 Qg4 19. Qg3 Qxg3 20. fxg3 Nfg6 21. a4 bxa4 22. Nxa4 Rc8 23. b4 h5 24. Nb6 Rd8 25. Bd6 h4 26. gxh4 Rxh4 27. Ba4 Rxe4 28. Bc7 Re2 29. Bxd8 Kxd8 30. Nxd7 Ke7 31. Nxe5 Nxe5 32. Rac1 Bxg2 33. Rc7+ Kf6 34. Kh2 Bc6+ 35. Kg3 Bxa4 36. Ra1 Bb5 37. Rd1 g5 38. Rd8 Re3+ 39. Kf2 Rf3+ 40. Kg2 Bf1+ 41. Kg1 Bh3 42. Rc1 g4 43. Rd6 Ra3 44. Kh2 Nf3+ 45. Kg3 Nd4+ 46. Kh2 Ra2+ 47. Kh1 Bg2+ 48. Kh2 Bf3+ 49. Kg3 Nf5+ 0-1

[Event "Szansa Chess Open 2022"]
[Site "Warsaw"]
[Date "2022.09.18"]
[Round "8"]
[White "Ivanytska, Liudmyla"]
[Black "Bartkiewicz, Pawel"]
[Result "0-1"]
[ECO "B13"]
[WhiteElo "1845"]
[BlackElo "1938"]
[Annotator "TA"]
[PlyCount "118"]
[EventDate "2022.09.17"]
[EventCountry "POL"]
[SourceTitle "playchess.com"]
[Source "ChessBase"]
[SourceQuality "1"]
[TimeControl "900+10"]

1. e4 c6 2. d4 d5 3. exd5 cxd5 4. Nf3 Nc6 5. Bd3 Nf6 6. O-O g6 7. c3 Bf5 {[%emt 0:00:03] is the new trend.} 8. h3 Qc7 {[%emt 0:00:49] B13: Caro-Kann: Exchange Variation and Panov-Botvinnik Attack.} 9. Re1 (9. Ne5 {with more complications.} Nxe5 10. Bxf5 gxf5 11. Bf4) 9... Bxd3 10. Qxd3 Bg7 {[%emt 0:00:02] The position is equal.} 11. Ne5 O-O 12. Bf4 Qb6 (12... Nh5 $5 13. Bh2 Qb6 $11) 13. Nd2 e6 {[%emt 0:00:24] [#]} 14. Ndf3 $146 ({Predecessor:} 14. a4 Rac8 15. b4 a5 16. b5 Nxe5 17. Bxe5 Ne8 18. Bf4 Nd6 19. Ra2 Rfe8 20. Kh1 {1-0 (49) Gomez Sanchez,J (2331)-Gonzalez Soler,L (2178) Santa Clara 2022}) 14... Rfe8 15. Rab1 Rac8 16. Qe3 Na5 17. Bh6 Qd6 $2 (17... Qc7 $11 {and Black stays safe.}) 18. Bxg7 $18 Kxg7 {[%emt 0:00:02] [#]} 19. Qf4 $2 (19. Qh6+ $1 $18 Kg8 20. Ng5) 19... Qc7 $11 20. Nh2 Nc4 21. Qc1 h5 22. Nhf3 Ne4 23. Nxc4 Qxc4 24. Ne5 Qc7 25. f3 Nd6 26. a3 (26. a4 {seems wilder.} a5 27. Qg5 Qd8 28. Qf4) 26... b5 (26... a5 {is more complex.} 27. Qg5 Qd8 28. Qf4 Nf5) 27. Nd3 a5 28. Nc5 (28. Qg5 $11) 28... Nb7 ({Better is} 28... e5 $1 $17) 29. b4 ({White should try} 29. Nd3 $1 $11) 29... Nd6 30. Qf4 a4 31. Ra1 Nc4 32. Qg5 e5 33. Re2 {[%emt 0:00:22] [#]} (33. Nd3 $17 {might work better.}) 33... exd4 $1 $19 34. Rxe8 (34. Rae1 {was forced.} Qd8 35. Qc1 Rxe2 36. Rxe2 Rxc5 37. bxc5) 34... Rxe8 {[%emt 0:00:02] Chess con chili.} 35. cxd4 Re2 {[%emt 0:00:17] White must now prevent ...Ne3.} 36. Nd3 Qe7 37. Qxe7 Rxe7 38. Ne5 Nxe5 39. dxe5 Rxe5 {[%emt 0:00:01][%mdl 4096] Endgame KR-KR} 40. Kf2 (40. Rd1 {was worth a try.}) 40... d4 {[%emt 0:00:14] Strongly threatening ...Re3.} 41. Rd1 Re3 42. Rxd4 Rxa3 43. Rd5 Ra2+ 44. Kg3 Rb2 45. Rxb5 {[%emt 0:00:02] [#]} Kf6 $1 {[%emt 0:00:24] Black is more active.} 46. Rb6+ $2 (46. f4 $17) 46... Ke5 47. b5 $2 (47. Kh4) 47... Kd5 48. Ra6 Rb4 {[%emt 0:00:18] And now ...Kc4 would win.} 49. Ra7 (49. f4 $142 Kc5 50. b6) 49... h4+ 50. Kh2 Kc5 51. Rxf7 Rxb5 52. Ra7 {[%emt 0:00:19] Inhibits Ra5.} Kb4 {[%emt 0:00:03] Hoping for ...a3.} 53. g3 hxg3+ 54. Kxg3 a3 55. Ra6 Ra5 56. Rb6+ Kc5 57. Rb1 a2 58. Rc1+ Kd4 59. Ra1 Ke5 {Quite a comeback for Black.  Weighted Error Value: White=0.57/Black=0.13 (very precise)} (59... Kc3 $142 60. Rc1+ Kb2) 0-1

[Event "Szansa Chess Open 2022"]
[Site "Warsaw"]
[Date "2022.09.18"]
[Round "8"]
[White "Smykalo, Severyn"]
[Black "Polak, Michal"]
[Result "1-0"]
[ECO "E36"]
[WhiteElo "1840"]
[BlackElo "1954"]
[Annotator "TA"]
[PlyCount "103"]
[EventDate "2022.09.17"]
[EventCountry "POL"]
[SourceTitle "playchess.com"]
[Source "ChessBase"]
[SourceQuality "1"]
[TimeControl "900+10"]

1. d4 Nf6 2. c4 e6 3. Nc3 Bb4 4. Qc2 d5 5. a3 Bxc3+ 6. Qxc3 O-O 7. Nf3 dxc4 8. Qxc4 b6 9. Bf4 {[%emt 0:00:16] E36: Nimzo-Indian: Classical: 4...d5 5 a3.} Ba6 10. Qc2 Nbd7 11. g3 {[%emt 0:00:53] The position is equal.} c5 {[%emt 0:01:28] [#]} 12. dxc5 $146 ({Predecessor:} 12. Bg2 cxd4 13. Bd6 Nc5 14. Bxc5 bxc5 15. Qxc5 d3 16. O-O dxe2 17. Rfe1 Nd7 18. Qe3 {0-1 (45) Gyerpal,A (2171)-Rybka,S (2262) Stara Lubovna 2022}) 12... Nxc5 {[%emt 0:00:07] White must now prevent ...Rc8.} 13. Bg2 Rc8 14. O-O Nd3 15. Qa4 Nc5 {[%emt 0:01:16] Pair of Knights!} 16. Qc2 Nd3 17. Qa4 $11 Nxf4 18. Qxa6 Nxg2 19. Rfd1 Qc7 {[%emt 0:00:22][%cal Og2f4] And now ...Nf4! would win.} 20. Kxg2 Rfd8 21. b4 (21. Rac1 $5 Qb8 22. Rxd8+ Rxd8 {[#]} 23. Nd4 $1 $14) 21... Ne4 (21... Rxd1 $11 22. Rxd1 h6) 22. h4 (22. Rac1 $1 $14 Nc3 23. Rd2 Rxd2 24. Nxd2) 22... h6 23. Kg1 (23. Rac1 $11 Qb8 24. Rxc8 Rxc8 25. Rd7) 23... Qc2 24. Nd4 Qc4 25. Qxc4 Rxc4 26. e3 Rdc8 27. b5 (27. Kg2 $11 {remains equal.}) 27... Nc3 28. Rd3 R4c5 (28... R8c5 $15) 29. a4 $1 Rd8 {[%emt 0:00:25] [#] ...e5 is the strong threat.} 30. Ra3 e5 $2 (30... Ne4 $11) 31. Raxc3 $16 Rxc3 32. Rxc3 exd4 {[%emt 0:00:01][%mdl 4096] Endgame KR-KR} 33. Rd3 Rc8 34. Rxd4 Rc7 35. Kg2 Kf8 36. e4 Ke7 37. Kf3 Rc3+ 38. Kf4 h5 39. f3 g6 $2 (39... Ke6 $16) 40. g4 $18 hxg4 41. fxg4 ({Less strong is} 41. Kxg4 Rc1 $14) 41... Rh3 42. Kg5 Ke6 $2 (42... Rc3 43. h5 gxh5) 43. Rc4 $2 (43. h5 $18) 43... Re3 $2 (43... f6+ $1 $14 44. Kf4 (44. Kxg6 Rxh4 45. g5 fxg5 $14) 44... Rxh4) 44. h5 gxh5 45. gxh5 f6+ (45... Rg3+ $142 46. Kf4 Rh3 47. Rc6+ Kd7) 46. Kg6 Rg3+ 47. Kh7 Rg4 48. h6 Ke5 49. Rc7 Kd6 50. Rxa7 Rxe4 51. Kg8 (51. Kg7 $142 f5 52. h7) 51... Re8+ 52. Kf7 {[%emt 0:00:12] Weighted Error Value: White=0.35/Black=0.71} 1-0

[Event "Szansa Chess Open 2022"]
[Site "Warsaw"]
[Date "2022.09.18"]
[Round "8"]
[White "Khamidov, Abdulla"]
[Black "Kokoszczynski, Jan"]
[Result "0-1"]
[ECO "C77"]
[WhiteElo "1804"]
[BlackElo "2313"]
[Annotator "ChessBase"]
[PlyCount "88"]
[EventDate "2022.09.17"]
[EventCountry "POL"]
[SourceTitle "playchess.com"]
[Source "ChessBase"]
[SourceQuality "1"]
[TimeControl "900+10"]

1. e4 e5 2. Nf3 Nc6 3. Bb5 a6 4. Ba4 Nf6 5. Bxc6 dxc6 6. d3 Bd6 7. b3 Nd7 8. Bb2 Qe7 9. Nbd2 Nc5 10. Nc4 f6 11. Ne3 Ne6 12. Nf5 Qf8 13. g3 Bd7 14. Qe2 g6 15. Nxd6+ Qxd6 16. O-O-O O-O-O 17. d4 exd4 18. Nxd4 Nxd4 19. Rxd4 Qe7 20. Rhd1 Be6 21. Rxd8+ Rxd8 22. Rxd8+ Qxd8 23. Qe3 f5 24. e5 b6 25. Qh6 Qd7 26. Bc3 Kb7 27. h4 c5 28. h5 Qf7 29. hxg6 hxg6 30. Bd2 a5 31. Qe3 Qd7 32. Kb2 a4 33. Bc3 Qd5 34. Qd2 Qf3 35. Qg5 a3+ 36. Kxa3 Qxc3 37. Qxg6 Qxe5 38. f4 Qe2 39. c4 Qe3 40. Qg7 Bxc4 41. Qe5 Qxe5 42. fxe5 Be6 43. Kb2 Kc6 44. Kc3 Kd5 0-1

[Event "Szansa Chess Open 2022"]
[Site "Warsaw"]
[Date "2022.09.18"]
[Round "8"]
[White "Rekuc, Patryk"]
[Black "Borawski, Jakub"]
[Result "1-0"]
[ECO "C54"]
[WhiteElo "1777"]
[BlackElo "2222"]
[Annotator "TA"]
[PlyCount "96"]
[EventDate "2022.09.17"]
[EventCountry "POL"]
[SourceTitle "playchess.com"]
[Source "ChessBase"]
[SourceQuality "1"]
[TimeControl "900+10"]

1. e4 e5 2. Nf3 Nc6 3. Bc4 Bc5 4. c3 Nf6 5. d3 a6 6. Bb3 Ba7 7. Nbd2 O-O 8. O-O d6 9. h3 Ne7 10. Re1 {[%emt 0:00:02] C54: Giuoco Piano: 4 c3 Nf6, main lines with 5 d4 and 5 d3.} Ng6 11. d4 Qe7 12. Nf1 {[%emt 0:00:34] White is slightly better.} Nh5 {[%emt 0:03:15] [#]} 13. Nxe5 $146 ({Predecessor:} 13. Ne3 Nhf4 14. Nd5 Nxd5 15. Bxd5 h6 16. Be3 Qf6 17. Nh2 Nf4 18. Qf3 Nxd5 19. exd5 Qxf3 20. Nxf3 {1-0 (56) Cichon,J (1984)-Zabrzanska,W (1969) Ustron 2021}) 13... dxe5 $11 14. Qxh5 exd4 15. cxd4 Bxd4 16. Ne3 Qxe4 $2 (16... c6 $11 {and Black stays safe.}) 17. Bc2 $2 (17. Nc2 $18 Qd3 18. Rd1 Bxf2+ 19. Kxf2) 17... Qe5 (17... Qc6 $17 {And now ...Bxe3 would win.} 18. Qd5 Qf6) 18. Qf3 (18. Bxg6 $15 {is more appropriate.} fxg6 19. Qxe5 Bxe5 20. Nd5) 18... c6 $17 19. Bd2 Qf6 ({Of course not} 19... Bxb2 $6 20. Rab1 Be6 21. Nd1) ({Black should try} 19... Nh4 $17 20. Qe4 Qxe4 21. Bxe4 Be6) 20. Qe4 (20. Qxf6 $15 Bxf6 21. Bb4) 20... Be6 $19 21. Rad1 Rfe8 ({Stronger than} 21... Bxa2 22. Ng4 Qd6 23. Bc3 $11) 22. Qd3 Rad8 ({Worse is} 22... Bxa2 23. Ng4 Qd6 24. Rxe8+ Rxe8 25. Bc3 $15) 23. b3 (23. Bc3 $17 Bxc3 24. Qxc3) 23... Bb6 24. Qf1 Nf4 {[%emt 0:00:23] aiming for ...Qg5.} 25. Ng4 Bxg4 26. hxg4 g6 27. g3 $2 {[%emt 0:00:50][%mdl 8192] [#]} (27. Bc1 $17 {is tougher.}) 27... Rxe1 $2 (27... Bxf2+ $1 28. Kxf2 {[#]} Rxd2+ $1 29. Rxd2 Nd3+ 30. Kg1 Rxe1 31. Bxd3 Qd4+ 32. Rf2 Rxf1+ 33. Bxf1 Qxg4) 28. Bxe1 Rxd1 (28... Nd5 $19 29. Rd3 Qb2) 29. Bxd1 $17 Qa1 30. Bd2 $2 {[%emt 0:00:42] [#]} (30. Ba5 $17 Bxa5 31. gxf4) 30... Nh3+ $1 $19 31. Kg2 Nxf2 32. Bf3 Qxf1+ 33. Kxf1 {[%emt 0:00:01][%mdl 4096] Endgame KBB-KBN} Nd3 34. Be2 Nc5 35. Bf3 Bc7 36. Kg2 f6 37. Be3 Ne6 38. a4 a5 39. Be2 Kf7 40. Bd3 Ke7 41. Bc4 Bd6 42. Bd3 Bc5 43. Bd2 Bb4 44. Be3 Kd6 45. Bc4 Ke5 46. Bb6 Kd6 47. Be3 $1 {[%emt 0:00:07] This bishop pair is nice.} Ke5 48. Bb6 $1 Bc3 {[%emt 0:00:35][%mdl 32768] Weighted Error Value: White=0.44/Black=0.50. Loss on time!?} 1-0